 Dungeon Crawl Stone Soup version 0.17-a0-2014-g32cd421 (webtiles) character file.

457 vatarom the Twirler (level 6, 0/48 HPs)
             Began as a Demonspawn Gladiator on Oct 9, 2015.
             Slain by a slave (5 damage)
             ... led by Pikel
             ... on level 4 of the Dungeon.
             The game lasted 00:09:14 (3632 turns).

vatarom the Twirler (Demonspawn Gladiator)          Turns: 3632, Time: 00:09:15

Health: 0/48       AC: 15    Str: 17    XL:     6   Next: 77%
Magic:  6/6        EV: 11    Int:  9    God:
Gold:   169        SH:  0    Dex: 13    Spells: 0 memorised, 5 levels left

rFire  . . .     SeeInvis .     a - +0 quarterstaff
rCold  . . .     Clarity  .     j - +0 ring mail
rNeg   . . .     SustAt   .     (no shield)
rPois  .         Gourm    .     c - +0 helmet
rElec  +         Spirit   .     n - +2 cloak "Epruskou" {rElec}
rCorr  .         Warding  .     (no gloves)
rMut   .         Stasis   .     g - +0 pair of boots
MR     .....                    (no amulet)
Stlth  ++........               (no ring)
                                o - ring of stealth

@: not resistant to hostile enchantments, unstealthy
A: hooves 2, rough black scales 1
a: no special abilities


You were on level 4 of the Dungeon.
You were not hungry.

You visited 1 branch of the dungeon, and saw 5 of its levels.

You collected 169 gold pieces.

Inventory:

Hand Weapons
 a - a +0 quarterstaff (weapon)
Missiles
 d - 2 throwing nets (quivered)
Armour
 c - a +0 helmet (worn)
 g - a +0 pair of boots (worn)
 j - a +0 ring mail (worn)
 n - the +2 cloak "Epruskou" (worn) {rElec}
   (You found it on level 4 of the Dungeon)

   It insulates you from electricity.
Magical Staves
 m - an uncursed staff of poison
Jewellery
 o - a ring of stealth (left hand)
Wands
 b - a wand of random effects (28)
 e - a wand of fireball (5)
Scrolls
 f - a scroll of magic mapping
 l - 2 scrolls of remove curse
Books
 k - Qenorchucs's Volume of Calling
   (You found it on level 4 of the Dungeon)

   Spells                             Type                      Level
   a - Summon Small Mammal            Summoning                    1
   b - Recall                         Summoning/Translocation      3
   c - Summon Lightning Spire         Summoning/Air                4
   d - Summon Demon                   Summoning                    5
   e - Summon Hydra                   Summoning                    7
Comestibles
 h - a meat ration
 i - 2 beef jerkies


   Skills:
 + Level 4.1 Fighting
 - Level 4.4 Staves
 - Level 1.7 Throwing
 - Level 4.0 Armour
 - Level 2.6 Dodging


You had 5 spell levels left.
You didn't know any spells.

Dungeon Overview and Level Annotations

Branches:
Dungeon (5/15)
 Temple: D:4-7

Altars:
Cheibriados
Dithmenos
Makhleb
Okawaru
Trog
Vehumet
Xom
Zin
The Shining One

Annotations:
D:3 Shim's ghost, weakling HOGl
D:4 Eustachio
D:5 Pikel


Innate Abilities, Weirdness & Mutations

You have hoof-like feet.
You are partially covered in rough black scales (AC +4, Dex -1).


Message History

You closely miss the slave.
The slave is lightly wounded.
The slave closely misses you. The slave hits you.
* * * LOW HITPOINT WARNING * * *
The slave hits you but does no damage. The slave barely misses you.
Unknown command.
Read which item? (? for menu, Esc to quit)
Okay, then.
You aren't carrying any potions.
Evoke which item? (* to show all) (? for menu, Esc to quit)
Zapping:
b - a wand of random effects (will waste charges)
Press: ? - help, Shift-Dir - straight line, f - slave
Aim: a slave, wearing an animal skin The slave flickers and vanishes!
Deactivating autopickup; reactivate with Ctrl-A.
Evoking this partially-identified wand wasted a few charges.
Something hits you.
* * * LOW HITPOINT WARNING * * *
The slave hits you.
You die...

##.#####.#.......#...............
#.# #.#.#####..(..........####
#.# #.#.# ##...........[####
##.### #.#.# #...............#
.....###.#.## #......<.....##.#
(.....##.#..# ##...........##.#
............## #..............#
#.#...♣...#..#####...........####
.....♣.♣..[....{@p...............
#...♣.♣.♣...######..#############
#..♣.♣.♣.♣...# #..#.....#
#.♣.♣._.♣.♣).# #.†#.....#
#..♣.♣.♣.♣...# ##.#.....#
#...♣.♣.♣....# #.#.....#
#....♣.♣.....# #.......#
#.#...♣...#..# #.......#
#............# #.......#


You could see a slave.

Vanquished Creatures
  A scorpion (D:4)
  5 hounds (D:4)
  A crimson imp (D:4)
  A worker ant (D:4)
  Jessica (D:2)
  Natasha (thrice) (D:4)
  5 adders
  3 oozes
  2 worms (D:2)
  4 orcs
  9 bats
  4 giant cockroaches
  3 hobgoblins
  11 kobolds
  3 giant geckos
  5 giant newts
  8 goblins
  3 jackals (D:2)
  A quokka (D:2)
  7 rats
80 creatures vanquished.

Notes
Turn   | Place    | Note
--------------------------------------------------------------
     0 | D:1      | vatarom the Demonspawn Gladiator began the quest for the Orb.
     0 | D:1      | Reached XP level 1. HP: 16/16 MP: 1/1
    65 | D:1      | Reached skill level 3 in Staves
   241 | D:1      | Gained mutation: You are partially covered in rough black scales (AC +4, Dex -1). [demonic ancestry]
   241 | D:1      | Reached XP level 2. HP: 22/22 MP: 2/2
   472 | D:1      | Found a glowing golden altar of the Shining One.
   918 | D:2      | Reached XP level 3. HP: 24/27 MP: 3/3
   959 | D:2      | Noticed Jessica
   967 | D:2      | Killed Jessica
   967 | D:2      | Reached skill level 4 in Staves
   980 | D:2      | Found a shadowy altar of Dithmenos.
  1272 | D:2      | Gained mutation: You have large cloven feet. [demonic ancestry]
  1272 | D:2      | Reached XP level 4. HP: 26/33 MP: 4/4
  1348 | D:2      | Reached skill level 1 in Armour
  1432 | D:2      | Found a snail-covered altar of Cheibriados.
  2304 | D:3      | Noticed Shim's ghost (weakling HOGl)
  2551 | D:4      | Reached XP level 5. HP: 31/38 MP: 5/5
  2563 | D:4      | Found a glowing silver altar of Zin.
  2594 | D:4      | Found an iron altar of Okawaru.
  2742 | D:4      | Identified Qenorchucs's Volume of Calling (You found it on level 4 of the Dungeon)
  2763 | D:4      | Gained mutation: You have hoof-like feet. [demonic ancestry]
  2763 | D:4      | Reached XP level 6. HP: 22/44 MP: 6/6
  2839 | D:4      | Noticed Eustachio
  2842 | D:4      | Noticed Natasha
  2861 | D:4      | Killed Natasha
  2983 | D:4      | Noticed Natasha
  2995 | D:4      | Killed Natasha
  3297 | D:4      | Got a translucent cloak
  3303 | D:4      | Identified the +2 cloak "Epruskou" {rElec} (You found it on level 4 of the Dungeon)
  3324 | D:4      | Found a bloodstained altar of Trog.
  3325 | D:4      | Found a radiant altar of Vehumet.
  3400 | D:4      | Noticed Natasha
  3414 | D:4      | Killed Natasha
  3466 | D:4      | Found a burning altar of Makhleb.
  3467 | D:4      | Found a shimmering altar of Xom.
  3611 | D:5      | Entered Level 5 of the Dungeon
  3614 | D:5      | Noticed Pikel
  3632 | D:4      | Slain by a slave

Vault maps used:
D:1:      eino_arrival_water_cross, minmay_misc_feat_x, tso_altar
D:2:      minmay_door_path, cheibriados_altar_1, old_standard_altar,
          uniq_jessica
D:4:      grunt_temple_overflow_champion_of_chaos, okawaru_trees_2, minitemple,
          first_bread, lemuel_statue_altar, uniq_natasha, uniq_eustachio
D:5:      uniq_pikel, uniq_sigmund

Action                   |  1- 3 |  4- 6 || total
-------------------------+-------+-------++-------
Melee: Quarterstaff      |   103 |   323 ||   426
       Staff             |       |     5 ||     5
Throw: Throwing net      |       |     1 ||     1
Evoke: Wand              |       |     2 ||     2
  Use: Potion            |     6 |     1 ||     7
       Scroll            |     2 |     5 ||     7
 Stab: Sleeping          |     1 |       ||     1
       Invisible         |       |     1 ||     1
  Eat: Bread ration      |     1 |     2 ||     3
